 Dungeon Crawl Stone Soup version 0.27-a0-1188-g73eefd5def (webtiles) character file.

Game seed: 8064969442095737064

363754 HoaS the Marksgargoyle (level 22, -3/149 HPs)
             Began as a Gargoyle Gladiator on May 20, 2021.
             Was the Champion of Okawaru.
             Slain by an air elemental (9 damage)
             ... summoned by Sojobo
             ... on level 2 of the Depths on May 21, 2021.
             The game lasted 02:36:13 (44161 turns).

HoaS the Marksgargoyle (Gargoyle Gladiator)        Turns: 44161, Time: 02:36:14

Health: -3/149     AC: 54    Str: 37    XL:     22   Next: 50%
Magic:  28/29      EV: 27    Int: 16    God:    Okawaru [******]
Gold:   5700       SH:  0    Dex: 19    Spells: 21/21 levels left

rFire    . . .     SeeInvis +   w - +9 lajatang (elec)
rCold    . . .     Faith    .   (shield currently unavailable)
rNeg     + . .     Spirit   .   K - +8 chain mail {Will+}
rPois    ∞         Reflect  .   T - +0 helmet of Anarchy {Drain Str+8 Int+4 SInv}
rElec    +         Harm     .   d - +2 cloak
rCorr    .         Rampage  .   u - +2 pair of gloves "Zoconk" {Regen+ Dex+2 Stlth+}
Will     +++..                  t - +2 pair of boots
Stlth    ++........             M - amulet of regeneration
HPRegen  2.34/turn              P - +4 ring of evasion
MPRegen  0.21/turn              S - ring "Oghaof" {Will+ Str+6 Dex+4 Stlth+}

@: about to teleport, heroic, flying
A: sickness immunity, AC +16, big wings, negative energy resistance 1,
electricity resistance, torment resistance 1, petrification resistance
}: 2/15 runes: barnacled, gossamer
a: Renounce Religion, Heroism, Finesse


You were on level 2 of the Depths.
You worshipped Okawaru.
Okawaru was exalted by your worship.
You visited 8 branches of the dungeon, and saw 38 of its levels.
You also visited: Bailey and Ice Cave.

You collected 7889 gold pieces.
You spent 2189 gold pieces at shops.

Inventory:

Hand Weapons
 e - a +3 quarterstaff of electrocution
 q - a +3 longbow of flaming
 w - a +9 lajatang of electrocution (weapon)
Missiles
 a - 5 throwing nets (quivered)
 h - 778 arrows
Armour
 d - a +2 cloak (worn)
 t - a +2 pair of boots (worn)
 u - the +2 pair of gloves "Zoconk" (worn) {Regen+ Dex+2 Stlth+}
   (Okawaru gifted it to you on level 3 of the Vaults)

   It affects your dexterity (+2).
   It increases your rate of health regeneration.
   It makes you more stealthy.
 K - a +8 chain mail of willpower (worn)
 T - the +0 helmet of Anarchy (worn) {Drain Str+8 Int+4 SInv}
   (You acquired it on level 2 of the Shoals)

   It affects your strength (+8).
   It affects your intelligence (+4).
   It lets you see invisible.
   It drains your maximum health when unequipped.
Jewellery
 g - the ring of Bafis {rPois Will+}
   (You found it on level 6 of the Lair of Beasts)

   [ring of poison resistance]

   It protects you from poison.
   It increases your willpower.
 l - a +4 ring of protection
 x - the ring "Qeusch" {rC++ Will+}
   (You found it on level 4 of the Shoals)

   [ring of willpower]

   It greatly protects you from cold.
   It increases your willpower.
 y - a ring of ice
 J - a ring of see invisible
 M - an amulet of regeneration (around neck)
 O - a ring of resist corrosion
 P - a +4 ring of evasion (left hand)
 S - the ring "Oghaof" (right hand) {Will+ Str+6 Dex+4 Stlth+}
   (You acquired it on level 1 of the Shoals)

   [ring of strength]

   It affects your strength (+6).
   It affects your dexterity (+4).
   It increases your willpower.
   It makes you more stealthy.
 U - a ring of protection from cold
Scrolls
 j - 18 scrolls of identify
 k - 16 scrolls of teleportation
 m - 11 scrolls of magic mapping
 p - 5 scrolls of fear
 C - 5 scrolls of blinking
 D - 3 scrolls of fog
 E - 8 scrolls of summoning
 G - 2 scrolls of holy word
 N - 2 scrolls of silence
Potions
 b - 5 potions of might
 c - 6 potions of heal wounds
 f - 4 potions of cancellation
 i - 3 potions of attraction
 o - 4 potions of invisibility
 r - 10 potions of curing
 s - 6 potions of lignification
 v - 5 potions of mutation
 z - 3 potions of haste
 A - 4 potions of resistance
 H - 4 potions of ambrosia
 L - 3 potions of berserk rage


   Skills:
 * Level 19.0(24.0) Fighting
 - Level 14.0(19.0) Staves
 - Level 20.0(25.0) Bows
 - Level 1.7(6.7) Throwing
 + Level 16.7(21.7) Armour
 + Level 15.7(20.7) Dodging
 - Level 9.5 Invocations


You had 21 spell levels left.
You didn't know any spells.
Your spell library contained the following spells:

 Spells                   Type           Power      Damage    Failure   Level
 Animate Skeleton         Necr           0%         N/A       47%         1
 Apportation              Tloc           0%         N/A       47%         1
 Beastly Appendage        Tmut           0%         N/A       47%         1
 Corona                   Hex            0%         N/A       47%         1
 Freeze                   Ice            0%         1d3       47%         1
 Magic Dart               Conj           0%         1d3       47%         1
 Sandblast                Erth           0%         2d4       47%         1
 Sting                    Tmut/Pois      0%         1d3       47%         1
 Summon Small Mammal      Summ           0%         N/A       47%         1
 Blink                    Tloc           N/A        N/A       63%         2
 Call Imp                 Summ           0%         N/A       63%         2
 Ensorcelled Hibernation  Hex/Ice        0%         N/A       63%         2
 Passwall                 Tmut/Erth      0%         N/A       63%         2
 Poisonous Vapours        Pois/Air       0%         N/A       63%         2
 Slow                     Hex            0%         N/A       63%         2
 Static Discharge         Conj/Air       0%         N/A       63%         2
 Wereblood                Tmut           0%         N/A       63%         2
 Call Canine Familiar     Summ           0%         N/A       85%         3
 Confusing Touch          Hex            0%         N/A       85%         3
 Conjure Flame            Conj/Fire      0%         6-21      85%         3
 Dazzling Flash           Conj/Hex       0%         N/A       85%         3
 Frozen Ramparts          Ice            0%         1d2       85%         3
 Gell's Gravitas          Tloc           0%         N/A       85%         3
 Ignite Poison            Fire/Tmut/Pois 0%         N/A       85%         3
 Lesser Beckoning         Tloc           0%         N/A       85%         3
 Mephitic Cloud           Conj/Pois/Air  0%         N/A       85%         3
 Ozocubu's Armour         Ice            0%         N/A       85%         3
 Spider Form              Tmut/Pois      0%         N/A       85%         3
 Stone Arrow              Conj/Erth      0%         3d7       85%         3
 Summon Guardian Golem    Hex/Summ       0%         N/A       85%         3
 Swiftness                Air            0%         N/A       85%         3
 Teleport Other           Tloc           0%         N/A       85%         3
 Tukima's Dance           Hex            0%         N/A       85%         3
 Animate Armour           Summ/Erth      0%         N/A       99%         4
 Hailstorm                Conj/Ice       0%         3d3       99%         4
 Ice Form                 Ice/Tmut       0%         N/A       99%         4
 Olgreb's Toxic Radiance  Pois           0%         N/A       99%         4
 Passage of Golubria      Tloc           N/A        N/A       99%         4
 Summon Ice Beast         Ice/Summ       0%         N/A       99%         4
 Summon Lightning Spire   Summ/Air       0%         N/A       99%         4
 Borgnjor's Vile Clutch   Necr/Erth      0%         N/A       100%        5
 Hydra Form               Tmut           0%         N/A       100%        5
 Irradiate                Conj/Tmut      0%         3d13      100%        5
 Lee's Rapid Deconstruct  Erth           0%         3d5*      100%        5
 Lightning Bolt           Conj/Air       0%         1d11      100%        5
 Manifold Assault         Tloc           0%         N/A       100%        5
 Metabolic Englaciation   Hex/Ice        0%         N/A       100%        5
 Blade Hands              Tmut           0%         N/A       100%        6
 Freezing Cloud           Conj/Ice/Air   0%         6-21      100%        6
 Invisibility             Hex            0%         N/A       100%        6
 Simulacrum               Ice/Necr       0%         N/A       100%        6
 Dragon Form              Tmut           0%         N/A       100%        7
 Ozocubu's Refrigeration  Ice            0%         4d5       100%        7
 Ignition                 Fire           0%         3d3       100%        8
 Shatter                  Erth           0%         3d5*      100%        9
 Tornado                  Air            0%         N/A       100%        9
 Statue Form              Tmut/Erth      Unusable   N/A       N/A         6

Dungeon Overview and Level Annotations

Branches:
Dungeon (15/15)            Temple (1/1) D:4            Lair (6/6) D:9
 Shoals (4/4) Lair:4       Spider (4/4) Lair:3        Slime (0/5) Lair:6
    Orc (2/2) D:12            Elf (0/3) Orc:2        Vaults (4/5) D:14
  Crypt (0/3) Vaults:3     Depths (2/5) D:15         Bailey (visited)
  IceCv (visited)

Altars:
Ashenzari
Cheibriados
Dithmenos
Elyvilon
Fedhas
Gozag
Hepliaklqana
Kikubaaqudgha
Makhleb
Nemelex Xobeh
Okawaru
Qazlal
Ru
Sif Muna
Trog
Uskayaw
Vehumet
Wu Jian
Xom
Yredelemnul
Zin
The Shining One
Beogh
Lugonu

Shops:
D:3 [?[(!   D:5 *   D:10 **?   D:11 !   D:12 (   D:15 [   Orc:2 (?[(
Shoals:2 [   Vaults:1 (   Vaults:2 *   Vaults:3 *   Vaults:4 =

Portals:
Hell: Depths:1 Depths:2
Abyss: Depths:1

Annotations:
Depths:2 Sojobo


Innate Abilities, Weirdness & Mutations

You are immune to sickness and miasma.
Your stone body is resilient. (AC +16)
You are immune to poison.
Your large and strong wings let you fly.
You resist negative energy. (rN+)
You are resistant to electric shocks. (rElec)
You are resistant to unholy torment.
You are immune to petrification.


Message History

The air elemental completely misses you.
The tengu reaver points at you and mumbles some strange words.
The bolt of poison hits the fire dragon!
The bolt of poison hits the air elemental.
The air elemental completely resists.
The bolt of poison hits the air elemental.
The air elemental completely resists.
The bolt of poison hits you but does no damage.
You resist. Sojobo hits you but does no damage. Sojobo pecks you!
Sojobo claws you but does no damage.
You closely miss Sojobo.
Sojobo is moderately wounded.
The air elemental hits you but does no damage.
The air elemental completely misses you.
A tengu warrior comes into view.
It is wielding a +0 battleaxe of flaming.
You completely miss Sojobo.
Sojobo is moderately wounded.
The air elemental hits you but does no damage.
Sojobo points at you and mumbles some strange words.
The bolt of lightning misses you.
As you read the scroll of teleportation, it crumbles to dust.
You feel strangely unstable. Sojobo hits you but does no damage.
Sojobo barely misses you. x2
You miss Sojobo.
Sojobo is moderately wounded.
The air elemental completely misses you.
The tengu reaver points at you and mumbles some strange words.
The bolt of poison hits the fire dragon!
The bolt of poison misses you. The air elemental misses you.
Sojobo completely misses you. Sojobo pecks you but does no damage.
Sojobo claws you but does no damage. The fire dragon breathes flames at you.
The blast of flame hits you!!!
* * * LOW HITPOINT WARNING * * *
You hear a shout!
You miss Sojobo.
Sojobo is moderately wounded.
The air elemental completely misses you.
The air elemental hits you!
You die...

..##.#.....#.#D§QT§§..§§§.
##.#.#.#.##QE§§§§R(§§§.
#...#.#...#§EE§§§(.§§§.
##.#...#.##§#§§§§...§§.
####.#####.#§......§§.
##.#.#H#.##.##.......§.
#.......[.#..#....$8...
##.#.#E#Q##..#.........
#...(.@DE.#§##.(.......
#..#.#(#Q#Q#DQ(.(.
#...§(E.E(#§....
##.#.#.#.## ....
#.........# ...
##.#§#.#.## .> ####.#### #
§§. #..#


You could see Sojobo (strong, repels missiles), 2 fire dragons, a sphinx, 2
tengu reavers, a tengu warrior and 3 air elementals.

Vanquished Creatures
  An ancient lich (Vaults:4)
  Bai Suzhen (Vaults:2)
  Arachne (Spider:3)
  The ghost of Boapn the Peltast, an adept TrMo of Okawaru (Spider:2)
  Gastronok (D:12)
  An eldritch tentacle (Spider:3)
  2 sphinxes (Vaults:3)
  The ghost of PeterMcNeter the Executioner, an adept HOFi of Beogh (Shoals:4)
  A kraken (Shoals:4)
  A shadow dragon (Depths:2)
  A tengu reaver (Vaults:3)
  Roxanne (Shoals:2)
  12 vault wardens
  An orc warlord (Orc:1)
  2 fire giants
  3 frost giants
  4 ghost moths
  7 emperor scorpions
  14 ironbound preservers
  2 war gargoyles (Vaults:3)
  6 stone giants
  11 very ugly things
  Azrael (D:15)
  4 entropy weavers
  6 dire elephants
  A spark wasp (Spider:4)
  4 merfolk javelineers
  A crystal guardian (Vaults:3)
  5 merfolk impalers
  3 ettins
  A fire dragon (Depths:1)
  3 great orbs of eyes
  10 yaktaur captains
  7 boulder beetles
  7 ironbound thunderhulks
  2 ice dragons (Depths:2)
  9 vault guards
  Harold (D:7)
  5 rakshasas
  5 catoblepae
  A peacekeeper (Vaults:3)
  A spriggan air mage (Depths:2)
  8 ironbound frosthearts
  3 ogre magi
  5 merfolk aquamancers
  9 hydras
  9 centaur warriors
  A merfolk avatar (Shoals:1)
  12 two-headed ogres
  2 deep troll earth magi
  2 tengu warriors
  18 death yaks
  A spriggan berserker (Depths:2)
  A deep troll shaman (Depths:1)
  8 ironbound beastmasters
  A deep elf knight (D:13)
  7 skeletal warriors
  2 iron trolls (Depths:1)
  41 deep trolls
  14 sea snakes
  11 wizards
  A glowing orange brain (Vaults:2)
  A deep elf archer (D:13)
  Pikel (D:7)
  16 ironbound convokers
  22 wolf spiders
  32 harpies
  6 lindwurms
  3 orc knights
  3 orc sorcerers
  9 orb spiders
  3 deep elf pyromancers
  A shining eye (shapeshifter) (Vaults:1)
  8 fauns (Shoals:2)
  29 ugly things
  11 cyclopes
  19 manticores
  2 elephants (D:13)
  5 merfolk sirens
  A salamander (D:15)
  An ice statue (IceCv)
  5 water nymphs
  11 vault sentinels
  3 gargoyles
  5 black mambas
  4 torpor snails
  4 cane toads
  5 komodo dragons
  4 tengu conjurers
  An unseen horror (shapeshifter) (D:14)
  4 rime drakes
  16 demonic crawlers
  2 efreet
  24 yaktaurs
  4 harpy zombies (Shoals:1)
  A wind drake (shapeshifter) (D:10)
  30 merfolk
  A queen bee (shapeshifter) (D:15)
  13 trolls
  15 polar bears
  27 jumping spiders
  6 meliai (D:13)
  13 hornets
  A hornet (shapeshifter) (D:14)
  6 wind drakes
  A meliai (shapeshifter) (D:14)
  26 blink frogs
  17 dream sheep
  14 slime creatures
  11 snapping turtles
  67 redbacks
  29 tarantellas
  14 water elementals
  7 wraiths
  21 humans (D:14)
  2 vampires (D:12)
  A shadow (D:10)
  6 fire elementals (D:15)
  6 wyverns
  4 basilisks
  9 vampire mosquitoes
  66 yaks
  3 wargs
  An acid dragon (D:12)
  2 hell hounds (D:15)
  17 water moccasins
  25 orc warriors
  Duvessa (D:4)
  11 ice beasts
  2 sky beasts
  2 black bears
  A necrophage (D:6)
  10 boggarts
  A manticore zombie (Shoals:1)
  22 ogres
  31 wolves
  6 centaurs
  3 phantoms
  11 bullfrogs
  3 kobold brigands
  An ogre simulacrum (Vaults:1)
  3 scorpions
  Dowan (D:4)
  5 wights (D:8)
  8 electric eels
  9 howler monkeys
  4 centaur zombies
  A bullfrog zombie (D:5)
  4 hounds
  22 orc priests
  A gnoll shaman (D:4)
  3 jellies
  Crazy Yiuf (D:3)
  Ijyb (D:4)
  2 centaur skeletons
  Terence (D:2)
  3 iguanas (D:6)
  21 orc wizards
  2 killer bee zombies
  A hound skeleton (D:4)
  A howler monkey zombie (D:7)
  14 gnolls
  6 adders
  3 white imps
  An ufetubus (D:5)
  3 dart slugs
  94 orcs
  6 ball pythons
  5 bats (D:1)
  2 bat zombies (Shoals:1)
  4 endoplasms
  8 giant cockroaches
  12 goblins
  6 hobgoblins
  6 jackals
  6 quokkas
  4 frilled lizards
  10 kobolds
  9 rats
  5 tentacles (Shoals:4)
1438 creatures vanquished.

Vanquished Creatures (others)
  A merfolk avatar (Shoals:4)
  A deep troll earth mage (Depths:2)
  2 polar bears (IceCv)
  A yak (IceCv)
  18 fungi
  182 plants
  3 tentacles (Shoals:4)
  A withered plant (Shoals:3)
209 creatures vanquished.

Grand Total: 1647 creatures vanquished

Notes
Turn   | Place    | Note
-------+----------+-------------------------------------------
     0 | D:1      | HoaS the Gargoyle Gladiator began the quest for the Orb.
     0 | D:1      | Reached XP level 1. HP: 12/12 MP: 1/1
   281 | D:1      | Reached XP level 2. HP: 17/17 MP: 2/2
   704 | D:1      | Found a faded altar of an unknown god.
   802 | D:1      | Reached XP level 3. HP: 21/21 MP: 3/3
  1142 | D:2      | Noticed Terence
  1156 | D:2      | Killed Terence
  1157 | D:2      | Reached XP level 4. HP: 22/26 MP: 4/4
  1249 | D:2      | Reached skill level 5 in Staves
  1960 | D:3      | Found Fioqis's Antique Armour Emporium.
  2182 | D:3      | Reached XP level 5. HP: 26/30 MP: 5/5
  2611 | D:3      | Found Mionnoll's Distillery.
  2618 | D:3      | Bought a potion of heal wounds for 60 gold pieces
  2748 | D:3      | Found Pidyeceo's Antique Armour Emporium.
  2755 | D:3      | Found Ofus Pips's Magic Scroll Boutique.
  2836 | D:3      | Found Cilotuqy's Antique Weapon Shop.
  2861 | D:3      | Found a runed translucent door.
  2862 | D:3      | Noticed Crazy Yiuf
  3032 | D:3      | Killed Crazy Yiuf
  3033 | D:3      | Reached XP level 6. HP: 35/35 MP: 6/6
  3089 | D:4      | Noticed Ijyb
  3118 | D:4      | Killed Ijyb
  3185 | D:4      | Found an iron altar of Okawaru.
  3242 | D:4      | Noticed Dowan
  3243 | D:4      | Noticed Duvessa
  3270 | D:4      | Killed Duvessa
  3292 | D:4      | Killed Dowan
  3610 | D:4      | Reached XP level 7. HP: 38/40 MP: 7/7
  3664 | D:4      | Found a staircase to the Ecumenical Temple.
  3742 | Temple   | Entered the Ecumenical Temple
  3909 | D:4      | Became a worshipper of Warmaster Okawaru
  4225 | D:5      | Entered Level 5 of the Dungeon
  4318 | D:5      | Noticed a gargoyle
  4337 | D:5      | HP: 2/40 [gargoyle/+0 mace (3)]
  4339 | D:5      | Killed a gargoyle
  4340 | D:5      | Reached XP level 8. HP: 3/44 MP: 7/9
  4790 | D:5      | Identified a scroll of acquirement
  4790 | D:5      | Acquired a +7 shortbow of flaming
  4885 | D:5      | Found a glowing golden altar of the Shining One.
  4898 | D:5      | Reached * piety under Okawaru
  4899 | D:5      | Reached skill level 1 in Bows
  4945 | D:5      | Reached skill level 2 in Bows
  5142 | D:5      | Acquired 900 gold pieces
  5156 | D:5      | Reached skill level 10 in Staves
  5191 | D:5      | Reached skill level 3 in Bows
  5216 | D:5      | Reached ** piety under Okawaru
  5335 | D:5      | Reached XP level 9. HP: 48/48 MP: 11/11
  5348 | D:5      | Found Busicairo's General Store.
  5441 | D:5      | Bought a scroll of teleportation for 36 gold pieces
  5441 | D:5      | Bought a scroll of teleportation for 36 gold pieces
  5601 | D:5      | Bought 20 arrows for 48 gold pieces
  6056 | D:5      | Reached skill level 4 in Bows
  6346 | D:6      | Found a sparkling altar of Nemelex Xobeh.
  6357 | D:6      | Found a broken altar of Ashenzari.
  6358 | D:6      | Found a stormy altar of Qazlal.
  6587 | D:6      | Reached *** piety under Okawaru
  6588 | D:6      | Reached skill level 5 in Bows
  7444 | D:7      | Reached XP level 10. HP: 24/53 MP: 12/12
  7632 | D:7      | Noticed Pikel
  7646 | D:7      | Killed Pikel
  7647 | D:7      | Reached skill level 6 in Bows
  7690 | D:7      | Reached **** piety under Okawaru
  7696 | D:7      | Noticed Harold
  7725 | D:7      | Killed Harold
  8041 | D:7      | Found an opulent altar of Gozag.
  8218 | D:8      | Reached skill level 7 in Bows
  8781 | D:8      | Reached ***** piety under Okawaru
  8855 | D:8      | Received a gift from Okawaru
  9556 | D:9      | Found a staircase to the Lair.
  9599 | D:9      | Reached skill level 8 in Bows
  9599 | D:9      | Reached XP level 11. HP: 48/57 MP: 14/14
  9890 | Lair:1   | Entered Level 1 of the Lair of Beasts
 10233 | Lair:1   | Noticed an eight-headed hydra
 10537 | Lair:1   | Reached skill level 5 in Invocations
 10654 | Lair:1   | Reached skill level 9 in Bows
 11196 | Lair:1   | Identified the +1 helmet of Kiorulut {rPois Dex+2 Stlth-}
 11432 | Lair:1   | Killed an eight-headed hydra
 11782 | Lair:2   | Reached skill level 10 in Bows
 11977 | Lair:2   | Received a gift from Okawaru
 12191 | Lair:2   | Reached XP level 12. HP: 48/62 MP: 17/17
 12585 | Lair:2   | Reached skill level 11 in Bows
 12782 | Lair:3   | Noticed a death yak
 12782 | Lair:3   | Noticed a death yak
 12783 | Lair:3   | Noticed a death yak
 12783 | Lair:3   | Noticed a death yak
 12800 | Lair:3   | Noticed a death yak
 12804 | Lair:3   | Killed a death yak
 12804 | Lair:3   | Received a gift from Okawaru
 12821 | Lair:2   | Killed a death yak
 13033 | Lair:2   | Killed a death yak
 13041 | Lair:2   | Killed a death yak
 13048 | Lair:2   | Killed a death yak
 13049 | Lair:2   | Reached skill level 12 in Bows
 13581 | Lair:3   | Found a hole to the Spider Nest.
 15217 | Lair:4   | Reached skill level 13 in Bows
 15637 | Lair:4   | Found a staircase to the Shoals.
 15913 | Lair:4   | Noticed a five-headed hydra
 15934 | Lair:4   | Killed a five-headed hydra
 15934 | Lair:4   | Received a gift from Okawaru
 15935 | Lair:4   | Reached XP level 13. HP: 38/66 MP: 11/19
 16487 | Lair:5   | Reached skill level 14 in Bows
 16502 | Lair:5   | Reached skill level 1 in Armour
 16521 | Lair:5   | Received a gift from Okawaru
 16580 | Lair:5   | Reached ****** piety under Okawaru
 16606 | Lair:5   | Received a gift from Okawaru
 17059 | Lair:5   | Reached skill level 5 in Fighting
 17937 | Lair:6   | Entered Level 6 of the Lair of Beasts
 18077 | Lair:6   | Found a staircase to the Slime Pits.
 18315 | Lair:6   | Gained mutation: Your large and strong wings let you fly.
                  | [Gargoyle growth]
 18315 | Lair:6   | Reached XP level 14. HP: 83/83 MP: 21/21
 18342 | Lair:6   | Reached skill level 5 in Armour
 18388 | Lair:5   | Received a gift from Okawaru
 18676 | Lair:6   | Reached skill level 5 in Dodging
 18940 | Lair:6   | Identified the +1 pair of gloves "Jotse" {Regen+ Str+5}
                  | (Okawaru gifted it to you on level 6 of the Lair of Beasts)
 18940 | Lair:6   | Received a gift from Okawaru
 19319 | Lair:6   | Identified the ring of Bafis {rPois Will+}
 19825 | D:10     | Entered Level 10 of the Dungeon
 19861 | D:10     | Reached skill level 10 in Fighting
 20052 | D:10     | Found Titheok's Lightly-Used Armoury.
 20095 | D:10     | Found Vougodof's Magic Scroll Emporium.
 20100 | D:10     | Bought a scroll of enchant weapon for 75 gold pieces
 20100 | D:10     | Bought a scroll of teleportation for 30 gold pieces
 20100 | D:10     | Bought a scroll of enchant weapon for 75 gold pieces
 20148 | D:10     | Found Wippe's Serpentskin Sales.
 20962 | D:11     | Found Main's Distillery.
 20968 | D:11     | Bought a potion of heal wounds for 70 gold pieces
 20968 | D:11     | Bought a potion of curing for 42 gold pieces
 21597 | D:12     | Noticed Gastronok
 21609 | D:12     | Killed Gastronok
 21649 | D:12     | Found a staircase to the Orcish Mines.
 21901 | D:12     | Reached XP level 15. HP: 95/95 MP: 15/22
 22070 | D:12     | Found Bokhluir's Antique Weapon Shoppe.
 22590 | Orc:1    | Entered Level 1 of the Orcish Mines
 22607 | Orc:1    | Found a flagged portal.
 22614 | Bailey   | Entered a bailey
 22816 | Bailey   | Identified the +1 plate armour of Cocytus {Rampage *Slow
                  | Int+5 SInv}
 23154 | Orc:2    | Entered Level 2 of the Orcish Mines
 23341 | Orc:2    | Received a gift from Okawaru
 23388 | Orc:2    | Found a staircase to the Elven Halls.
 23434 | Orc:2    | Found Puazong's Weapon Emporium.
 23578 | Orc:2    | Received a gift from Okawaru
 23638 | Orc:2    | Found Hillalaw's Antique Armour Emporium.
 23643 | Orc:2    | Found Kuoc's Magic Scroll Shop.
 23731 | Orc:2    | Found Enwuury's Antique Weapon Shoppe.
 24137 | Orc:1    | Noticed an orc warlord
 24267 | Orc:1    | Received a gift from Okawaru
 24280 | Orc:1    | Killed an orc warlord
 24531 | Orc:2    | Bought a scroll of enchant armour for 127 gold pieces
 24531 | Orc:2    | Bought a scroll of acquirement for 884 gold pieces
 24531 | Orc:2    | Bought a scroll of enchant armour for 127 gold pieces
 24531 | Orc:2    | Bought a scroll of teleportation for 51 gold pieces
 24531 | Orc:2    | Bought a scroll of teleportation for 51 gold pieces
 24531 | Orc:2    | Acquired a manual of Bows
 24886 | D:13     | Identified the +5 hunting sling "Zymush" {freeze, rElec}
                  | (Okawaru gifted it to you on level 13 of the Dungeon)
 24886 | D:13     | Received a gift from Okawaru
 25757 | D:13     | Reached skill level 15 in Bows
 25757 | D:13     | Reached XP level 16. HP: 105/105 MP: 23/23
 25899 | D:14     | Reached skill level 10 in Armour
 26145 | D:14     | Reached XP level 17. HP: 109/110 MP: 24/24
 26278 | D:14     | Acquired 1211 gold pieces
 26630 | D:14     | Found a gate to the Vaults.
 26791 | D:15     | Entered Level 15 of the Dungeon
 26806 | D:15     | Identified the ring of Prescription {*Corrode rPois Will+
                  | MP+9 Int+5}
 26812 | D:15     | Received a gift from Okawaru
 26842 | D:15     | Found Qacohej's Antique Armour Shop.
 26898 | D:15     | Received a gift from Okawaru
 26899 | D:15     | Reached skill level 10 in Dodging
 26934 | D:15     | Found a frozen archway.
 26959 | IceCv    | Entered an ice cave
 27123 | IceCv    | Reached skill level 16 in Bows
 27720 | D:15     | Noticed Azrael
 27741 | D:15     | Received a gift from Okawaru
 27749 | D:15     | Killed Azrael
 27926 | D:15     | Received a gift from Okawaru
 27927 | D:15     | Reached skill level 17 in Bows
 27959 | D:15     | Found a staircase to the Depths.
 28615 | Spider:1 | Entered Level 1 of the Spider Nest
 28949 | Lair:3   | Reached skill level 18 in Bows
 28966 | Spider:1 | Received a gift from Okawaru
 29343 | Spider:2 | Reached XP level 18. HP: 116/116 MP: 25/25
 30119 | Spider:3 | Noticed Arachne
 30140 | Spider:3 | Killed Arachne
 30140 | Spider:3 | Received a gift from Okawaru
 30149 | Spider:3 | Received a gift from Okawaru
 30202 | Spider:3 | Found a runed translucent gate.
 30202 | Spider:3 | Found a runed translucent gate.
 30202 | Spider:3 | Found a runed translucent gate.
 30217 | Spider:3 | Reached skill level 19 in Bows
 30218 | Spider:3 | Noticed Boapn's ghost (adept TrMo)
 30611 | Spider:4 | Entered Level 4 of the Spider Nest
 30727 | Spider:4 | Received a gift from Okawaru
 31312 | Spider:4 | Reached skill level 20 in Bows
 31758 | Spider:4 | Got a gossamer rune of Zot
 32021 | Spider:2 | Killed Boapn's ghost
 32104 | Spider:3 | Identified the +1 pair of boots of Doepp {rElec Str-3
                  | Dex+8}
 32107 | Spider:3 | Identified the +0 chain mail of Irew {Will++ Dex+3}
 32250 | Shoals:1 | Entered Level 1 of the Shoals
 32536 | D:3      | Bought a scroll of teleportation for 36 gold pieces
 32536 | D:3      | Bought a scroll of brand weapon for 240 gold pieces
 32536 | D:3      | Bought a scroll of enchant armour for 90 gold pieces
 32536 | D:3      | Bought a scroll of teleportation for 36 gold pieces
 32918 | Shoals:1 | Received a gift from Okawaru
 33017 | Shoals:1 | Reached XP level 19. HP: 104/121 MP: 26/26
 33049 | Shoals:1 | Received a gift from Okawaru
 33090 | Shoals:1 | Acquired the ring "Oghaof" {Will+ Str+6 Dex+4 Stlth+}
 33789 | Shoals:2 | Identified Roxanne's Reference Book on Earth
 33789 | Shoals:2 | Noticed Roxanne
 33825 | Shoals:2 | Killed Roxanne
 34008 | Shoals:2 | Found Bun Etu's Armour Boutique.
 34195 | Shoals:2 | You are sucked into a shaft and drop 1 floor!
 34582 | Shoals:2 | Acquired the +0 helmet of Anarchy {Drain Str+8 Int+4 SInv}
 35374 | Shoals:4 | Entered Level 4 of the Shoals
 35508 | Shoals:4 | Received a gift from Okawaru
 35549 | Shoals:4 | Found a transporter.
 35551 | Shoals:4 | Found a transporter.
 35552 | Shoals:4 | Found the +10 dark maul {vorpal}
 35552 | Shoals:4 | Noticed PeterMcNeter's ghost (adept HOFi)
 35753 | Shoals:4 | Received a gift from Okawaru
 36351 | Shoals:4 | Got a barnacled rune of Zot
 36725 | Vaults:1 | Entered Level 1 of the Vaults
 37037 | Vaults:1 | Reached XP level 20. HP: 125/127 MP: 27/27
 37099 | Vaults:1 | Received a gift from Okawaru
 37743 | Vaults:1 | Found Tituyq's Antique Weapon Shoppe.
 38081 | Vaults:2 | Found Qoxtitz's General Store.
 38089 | Vaults:2 | Bought a potion of heal wounds for 75 gold pieces
 38325 | Vaults:2 | Identified the +1 plate armour "Teporch" {Stlth+}
 38334 | Vaults:2 | Received a gift from Okawaru
 38397 | Vaults:2 | Noticed Bai Suzhen
 38414 | Vaults:2 | Killed Bai Suzhen
 38414 | Vaults:2 | Identified the +0 plate armour of Twilight {Rampage rF+++
                  | Int+8 Slay-5} (Okawaru gifted it to you on level 2 of the
                  | Vaults)
 38414 | Vaults:2 | Received a gift from Okawaru
 38415 | Vaults:2 | Reached skill level 15 in Fighting
 39220 | Vaults:2 | Reached skill level 15 in Armour
 39407 | Vaults:2 | Reached XP level 21. HP: 136/136 MP: 28/28
 39578 | Vaults:3 | Received a gift from Okawaru
 39756 | Vaults:3 | Received a gift from Okawaru
 40340 | Vaults:3 | Reached skill level 15 in Dodging
 40396 | Vaults:3 | Identified the +2 pair of gloves "Zoconk" {Regen+ Dex+2
                  | Stlth+} (Okawaru gifted it to you on level 3 of the Vaults)
 40396 | Vaults:3 | Received a gift from Okawaru
 40452 | Vaults:3 | Found Ychegul's General Store.
 40780 | Vaults:3 | Found a staircase to the Crypt.
 40780 | Vaults:3 | Found a basalt altar of Yredelemnul.
 40780 | Vaults:3 | Found an ancient bone altar of Kikubaaqudgha.
 40915 | Vaults:4 | Noticed an ancient lich
 40934 | Vaults:4 | Killed an ancient lich
 41091 | Vaults:4 | Acquired 854 gold pieces
 41302 | Vaults:4 | Found Vuemiec's Jewellery Boutique.
 41666 | Vaults:4 | Received a gift from Okawaru
 41925 | Vaults:4 | Identified the +8 broad axe "Dissum" {venom, *Slow rElec
                  | rCorr Dex+2}
 42423 | Shoals:4 | Reached XP level 22. HP: 140/147 MP: 29/29
 42449 | Shoals:4 | Killed PeterMcNeter's ghost
 42465 | Shoals:4 | Identified the ring "Qeusch" {rC++ Will+}
 42928 | Depths:1 | Entered Level 1 of the Depths
 42994 | Depths:1 | Found a hide-covered altar of Uskayaw.
 43030 | Depths:1 | Found a gateway to Hell.
 43045 | Depths:1 | Found a shimmering blue altar of Sif Muna.
 43091 | Depths:1 | Found a corrupted altar of Lugonu.
 43091 | Depths:1 | Found a one-way gate to the infinite horrors of the Abyss.
 43429 | Depths:1 | Received a gift from Okawaru
 43702 | Depths:1 | Received a gift from Okawaru
 44081 | Depths:2 | Noticed Sojobo
 44160 | Depths:2 | HP: 5/149 [fire dragon/blast of flame (40)]
 44161 | Depths:2 | Slain by an air elemental

Illustrated notes

Levels and vault maps discovered:
D:1:      lightli_arrival_isolated_outpost, layout_loops_cross,
          shapermc_ecumenical_altar_mp_vishouse, nrook_campfire,
          minmay_misc_feat_doors
D:2:      layout_loops_ring, grunt_ministairs_3, uniq_terence
D:3:      layout_loops_cross, serial_shops, shop, shop, shop, shop_fountains,
          nicolae_shop_temple_entry_statues_fountains, uniq_crazy_yiuf_cottage
D:4:      wad_woods_settlement, layout_cave_pools, amcnicky_altar_gilded,
          minmay_temple_entry_hall, uniq_ijyb, uniq_duvessa
D:5:      cheibrodos_two_vegetables, layout_rooms, lemuel_round_altar,
          serial_shops, shop
D:6:      layout_basic, grunt_temple_overflow_open, st_stairs_1
D:7:      layout_rooms, nicolae_gozag_seed_capital, minmay_diced_spiral,
          uniq_pikel, uniq_harold
D:8:      layout_basic
D:9:      layout_loops_ring, lair_entry_dummy
D:10:     layout_roguey, serial_shops, kennysheep_little_box,
          minmay_shop_damaged, minivault_20, minivault_22, guppyfry_shop_venom
D:11:     layout_stronghold, serial_shops, shop
D:12:     layout_long_grid, david_orc_5, serial_shops, shop, nzn_random_ring,
          uniq_gastronok
D:13:     layout_basic, beargit_elvish_explorers
D:14:     layout_loops_cross, grunt_vaults_entry_tiered, minmay_splitting_lines,
          minmay_shattered_shrine
D:15:     hangedman_depths_entry_try_elsewhere_first, layout_basic,
          chequers_serial_rivers_micro_d, serial_shops, nicolae_shop_waterfront,
          portal_ice_cave_entry_ice_beasts, uniq_azrael
Temple:   compressed_dpeg_circular_temple
Lair:1:   layout_roguey, wad_woods_river_02, grunt_megastairs_1,
          serial_bayou_shore_a, infiniplex_staircase_pool
Lair:2:   layout_cave_shapes
Lair:3:   layout_small_grid, spider_nest_entry_funnel_web
Lair:4:   layout_small_grid, shoals_dummy_entry
Lair:5:   layout_cave_pods, nicolae_lair_grove_arrangements,
          nicolae_lair_yak_garden
Lair:6:   evilmike_catoblepas_cave, layout_hall_layers,
          minmay_slime_entry_pillars
Shoals:1: layout_shoals, nicolae_shoals_undead_eyrie
Shoals:2: layout_shoals, serial_shops, nicolae_shop_stone, uniq_roxanne
Shoals:3: layout_shoals, abandoned_shop, argonaut_gorgonesque
Shoals:4: shoals_end_simple, layout_shoals, ebering_ghost_davey_jones
Spider:1: layout_spider_delve
Spider:2: layout_spider_delve
Spider:3: layout_spider_delve, gammafunk_ghost_tricky_traps, uniq_arachne
Spider:4: guppyfry_spider_rune, hangedman_spider_tarantella_strand
Orc:1:    layout_caves, enter_bailey_3, nicolae_orc_rockfall,
          david_defended_altar_orc
Orc:2:    st_orc_open, layout_caves
Vaults:1: nicolae_vaults_minivaults, vaults_mumra_hexcomb,
          hangedman_vaults_pinch, ontoclasm_vaults_loading_screen,
          hangedman_vaults_maws, vaults_room_door_ring, v_misc_15,
          nicolae_vaults_hallways_thing, vaults_mumra_chevron_long,
          ontoclasm_vaults_ring_square, v_alt_pattern_2,
          nicolae_vaults_angled_halls, serial_ice_h,
          nicolae_vaults_little_squares_4, layout_vaults_maze_snakey,
          serial_shops, nicolae_shop_waterfront
Vaults:2: ontoclasm_vaults_pinch, hangedman_vaults_variations,
          nicolae_vaults_network_barrier, nicolae_vaults_twisting_passages,
          ontoclasm_vaults_spin, grunt_vaults_bifocal, nicolae_vaults_murderbox,
          vaults_room_fours, grunt_vaults_hallway_short, grunt_vaults_diagonal,
          nicolae_vaults_rhombus_5, nicolae_vaults_shelves_hall, v_rooms_4,
          layout_vaults_omnibox, serial_shops, shop_fountains, uniq_bai_suzhen
Vaults:3: nicolae_vaults_ninety_degrees, nicolae_vaults_network_square,
          v_rooms_2, v_pattern_2, grunt_vaults_hallway_long,
          vaults_room_semicircle, nicolae_vaults_theta,
          minmay_crypt_entry_necro_gods, vaults_room_fours, v_misc_32,
          nicolae_vaults_ring_of_whatevers, vaults_room_hallway,
          layout_vaults_big_room, serial_shops, nicolae_shop_stone
Vaults:4: v_misc_26, vaults_room_grunt_arrival_checkpoint,
          nicolae_vaults_little_squares_2, vaults_room_fours,
          nicolae_vaults_display_case, vaults_room_hallway,
          grunt_vaults_hallway_long, vaults_dpeg_doors,
          hangedman_vaults_stagger, layout_vaults_omnigrid, serial_shops,
          nicolae_shop_crystal
Depths:1: layout_gridlike, hell_entry, nicolae_uskayaw_dance_hall,
          abyss_entry_flame_altar, nicolae_sif_muna_condensation, firewood_loft,
          grunt_megastairs_3
Depths:2: minmay_the_grid_3x2 [minmay_the_grid_box_x, minmay_the_grid_all_tris,
          minmay_the_grid_diamond_grid, minmay_the_grid_airy,
          minmay_the_grid_minigrid_small_alt, minmay_the_grid_prize_big_room],
          layout_twisted_cross, enter_ziggurat_d, minmay_misc_feat_four_crosses,
          pf_hell_entry_great_geh, hangedman_decor_push, minivault_16,
          grunt_qazlal_sundering, uniq_sojobo

Skill      XL: |  1  2  3  4  5  6  7  8  9 10 11 12 13 14 15 16 17 18 19 20 21 22 |
---------------+-------------------------------------------------------------------+-----
Staves         | 4 5 6 7 8 10 12 13 14 | 14.0
Invocations    | 2 3 4 6 9 |  9.5
Bows           | 3 5 8 10 13 14 15 18 20 | 20.0
Armour         | 4 7 9 10 12 14 15 16 | 16.7
Fighting       | 7 11 13 14 16 18 19 | 19.0
Dodging        | 4 6 8 10 11 13 14 15 | 15.7
Throwing       | |  1.7

Action                   |  1- 3 |  4- 6 |  7- 9 | 10-12 | 13-15 | 16-18 | 19-21 | 22-24 || total
-------------------------+-------+-------+-------+-------+-------+-------+-------+-------++-------
Melee: Quarterstaff      |   104 |   145 |   334 |   517 |    48 |    18 |       |       ||  1166
       Unarmed           |       |    12 |       |       |       |       |       |       ||    12
       Lajatang          |       |       |       |   169 |   671 |   873 |  1026 |   170 ||  2909
       Longbow           |       |       |       |       |       |       |       |     1 ||     1
 Fire: Shortbow          |       |       |    24 |    54 |   597 |    87 |       |       ||   762
       Longbow           |       |       |       |       |       |   328 |   433 |   122 ||   883
Throw: Throwing net      |     2 |     2 |     1 |     2 |       |       |       |       ||     7
Invok: Heroism           |       |       |       |     7 |     8 |     2 |     1 |     1 ||    19
       Finesse           |       |       |       |     3 |     7 |     1 |     1 |       ||    12
Evoke: Wand              |       |    13 |       |       |       |       |       |       ||    13
  Use: Scroll            |       |     8 |    10 |    10 |    12 |    11 |     5 |     3 ||    59
       Potion            |       |     2 |       |       |     5 |       |       |       ||     7
 Stab: Held in net/web   |       |     1 |       |     2 |       |     1 |       |       ||     4
Armor: Leather armour    |    27 |       |       |       |       |       |       |       ||    27
       Ring mail         |    27 |    50 |    97 |       |       |       |       |       ||   174
       Plate armour      |       |       |    80 |   436 |   367 |       |       |       ||   883
       Troll leather arm |       |       |       |       |    69 |       |       |       ||    69
       Chain mail        |       |       |       |       |    44 |   981 |   693 |   119 ||  1837
Dodge: Dodged            |    58 |    70 |   107 |   169 |   297 |   994 |   951 |   162 ||  2808

Table legend: (Time is in decaauts)
 A = Elapsed time spent in this place.
 B = Non-inter-level travel time spent in this place.
 C = Inter-level travel time spent in this place.
 D = Time resting spent in this place.
 E = Time spent auto-exploring this place.
 F = Levels seen in this place.
 G = Mean time per level.
                   A        B        C        D        E       F      G
               +--------+--------+--------+--------+--------+-----+--------+
         Total |  42330 |  38393 |   3937 |   6419 |  23671 |  40 | 1058.2 |
       Dungeon |  15939 |  14217 |   1722 |   2854 |   8641 |  15 | 1062.6 |
        Temple |    131 |    112 |     19 |      0 |     98 |   1 |  131.0 |
          Lair |  10739 |   9425 |   1314 |   3103 |   4713 |   6 | 1789.8 |
        Shoals |   3774 |   3502 |    272 |     80 |   2541 |   4 |  943.5 |
   Spider Nest |   3052 |   2916 |    136 |     32 |   2011 |   4 |  763.0 |
  Orcish Mines |   1603 |   1467 |    136 |    104 |    897 |   2 |  801.5 |
        Vaults |   4962 |   4645 |    317 |    100 |   3416 |   4 | 1240.5 |
        Depths |   1114 |   1095 |     19 |     28 |    762 |   2 |  557.0 |
        Bailey |    360 |    360 |      0 |    100 |    160 |   1 |  360.0 |
      Ice Cave |    653 |    653 |      0 |     16 |    431 |   1 |  653.0 |
               +--------+--------+--------+--------+--------+-----+--------+

Top non-repeatable levels by time:
  Lair:1: 2005 daAuts
  Lair:3: 1976 daAuts
     D:5: 1969 daAuts
  Lair:4: 1940 daAuts
  Lair:5: 1832 daAuts
  Lair:2: 1676 daAuts
Vaults:2: 1527 daAuts
  Lair:6: 1308 daAuts
Vaults:3: 1232 daAuts
     D:3: 1230 daAuts
Vaults:1: 1176 daAuts
    D:12: 1161 daAuts
Spider:4: 1150 daAuts
     D:4: 1147 daAuts
Shoals:4: 1109 daAuts
